 Dungeon Crawl Stone Soup version 0.29-a0-96-g93358da72b (webtiles) character file.

Game seed: 12098512571744938325

141 Murumi the Skirmisher (level 5, 0/44 HPs)
             Began as a Palentonga Fighter on Feb 13, 2022.
             Slain by a gnoll (6 damage)
             ... on level 3 of the Dungeon.
             The game lasted 00:09:00 (2164 turns).

Murumi the Skirmisher (Palentonga Fighter)          Turns: 2164, Time: 00:09:01

Health: 0/44       AC:  7    Str: 22    XL:     5   Next: 3%
Magic:  5/5        EV:  7    Int:  8    God:
Gold:   93         SH:  5    Dex: 15    Spells: 4/4 levels left

rFire   . . .      SeeInvis +   f - +0 whip
rCold   + . .      Faith    .   c - +0 buckler
rNeg    . . .      Spirit   .   b - +0 scale mail
rPois   .          Reflect  .   (no helmet)
rElec   .          Harm     .   g - +0 cloak
rCorr   .          Rampage  .   (no gloves)
Will    .....                   (no barding)
Stlth   ..........              (no amulet)
HPRegen 0.14/turn               i - +6 ring of dexterity
MPRegen 0.09/turn               j - ring of protection from cold

@: no status effects
A: large, rugged brown scales 3, see invisible, deformed body, roll 1, armoured
tail
a: Rolling Charge


You were on level 3 of the Dungeon.
You visited 1 branch of the dungeon, and saw 3 of its levels.

You collected 93 gold pieces.

Inventory:

Hand Weapons
 a - a +0 flail
 f - a +0 whip (weapon)
Armour
 b - a +0 scale mail (worn)
 c - a +0 buckler (worn)
 g - a +0 cloak (worn)
Jewellery
 i - a +6 ring of dexterity (left hand)
 j - a ring of protection from cold (right hand)
Potions
 d - a potion of might
 e - 2 potions of invisibility {unknown}
 h - 3 potions of curing {unknown}
 k - a potion of heal wounds {unknown}
 l - a potion of brilliance {unknown}


   Skills:
 - Level 4.0 Fighting
 + Level 3.1 Maces & Flails
 - Level 3.0 Armour
 - Level 1.0 Dodging
 - Level 3.0 Shields


You had 4 spell levels left.
You didn't know any spells.
Your spell library contained the following spells:

 Spells                   Type           Power      Damage    Failure   Level
 Call Canine Familiar     Summ           0%         N/A       99%         3
 Portal Projectile        Hex/Tloc       0%         N/A       99%         3
 Leda's Liquefaction      Hex/Erth       0%         N/A       100%        4


Dungeon Overview and Level Annotations

Branches:
Dungeon (3/15)

Altars:

Shops:
D:1 :


Innate Abilities, Weirdness & Mutations

You are completely covered in rugged brown scales. (AC +3, +7% HP)
You have supernaturally acute eyesight. (SInv)
Armour fits poorly on your strangely shaped body.
You can roll at nearby foes to attack.
You have a long armoured tail.


Message History

The gnoll is almost dead.
The gnoll hits you but does no damage.
You barely miss the gnoll.
The gnoll is almost dead.
The gnoll hits you with a +0 whip!
You are too injured to fight recklessly!
You are too injured to fight recklessly!
You barely miss the gnoll.
The gnoll is almost dead.
The gnoll hits you but does no damage.
You hit the gnoll.
The gnoll is almost dead.
The gnoll hits you but does no damage.
You hit the gnoll.
You kill the gnoll!
Training target 4.0 for Fighting reached!
Your Fighting skill increases to level 4!
You need to enable at least one skill for training.
You have reached level 5!
A gnoll is nearby!
You start resting.
A gnoll comes into view.
It is wielding a +1 halberd of protection.
The gnoll shouts!
Roll where?
Press: ? - help, Q - select action Dir - move target, f - gnoll
Aim: a gnoll, wielding a +1 halberd of protection You roll forward with a clatter of scales!
You hit the gnoll.
The gnoll is lightly wounded.
You hear a shout!
The gnoll hits you with a +1 halberd of protection!
* * * LOW HITPOINT WARNING * * *
You closely miss the gnoll.
The gnoll is lightly wounded.
The gnoll hits you with a +1 halberd of protection.
* * * LOW HITPOINT WARNING * * *
You hit the gnoll but do no damage.
The gnoll is lightly wounded.
The gnoll hits you with a +1 halberd of protection.
You die...

#...>........#
#..#..#.######
.†.#..#.######
.............#
#..##...####.#
........####.#######.###
#.......#........g....g#
.
#...##.##.##.###g#.#.#$g.
##. #...##.##.##.# #@#.#
... #...##.......# #°#.#
###.. #...#####.####
#.#g# #....
#...#####.######.#.#
#.#.#
#...##.......(...)......
#.##.#.#
.............##.##.#..g.
#....<.# .............##.
... .. ####.###
.............##. #.. #.
.......####..##. .... #.


You could see 2 gnolls.

Vanquished Creatures
  4 gnolls (D:3)
  4 adders
  A worm (D:2)
  A dart slug (D:3)
  An orc (D:3)
  2 bats (D:1)
  9 endoplasms
  5 giant cockroaches
  5 goblins
  7 hobgoblins
  2 quokkas
  3 ball pythons
  8 frilled lizards
  5 kobolds (D:1)
  4 rats
61 creatures vanquished.

Notes
Turn   | Place    | Note
-------+----------+-------------------------------------------
     0 | D:1      | Murumi the Palentonga Fighter began the quest for the Orb.
     0 | D:1      | Reached XP level 1. HP: 19/19 MP: 1/1
    51 | D:1      | Reached XP level 2. HP: 7/25 MP: 2/2
   699 | D:1      | Found Poif's Book Shop.
   777 | D:1      | Reached XP level 3. HP: 31/31 MP: 3/3
   841 | D:1      | Found a faded altar of an unknown god.
  1121 | D:2      | Reached skill level 1 in Dodging
  1230 | D:2      | Reached XP level 4. HP: 34/37 MP: 4/4
  2098 | D:3      | Reached skill level 4 in Fighting
  2098 | D:3      | Reached XP level 5. HP: 15/44 MP: 5/5
  2164 | D:3      | Slain by a gnoll

Illustrated notes

Levels and vault maps discovered:
D:1:      onia_arrival_mini_maze_b, layout_rooms, serial_shops,
          nicolae_shop_waterfront, shapermc_ecumenical_altar_starsandcircs
D:2:      layout_rooms, minmay_tetromino_t2
D:3:      layout_loops_cross

Skill      XL: |  1  2  3  4 |
---------------+-------------+-----
Armour         | 3 |  3.0
Shields        | 3 |  3.0
Dodging        | 1 |  1.0
Maces & Flails | 3 |  3.1
Fighting       | 4 |  4.0

Action                   |  1- 3 |  4- 6 || total
-------------------------+-------+-------++-------
Melee: Flail             |    67 |       ||    67
       Tailslap          |    11 |     7 ||    18
       Whip              |    62 |    65 ||   127
 Abil: Rolling Charge    |    18 |    14 ||    32
  Use: Scroll            |     3 |       ||     3
Armor: Scale mail        |    48 |    13 ||    61
Dodge: Dodged            |    38 |     8 ||    46
Block: Buckler           |    19 |     9 ||    28

Table legend: (Time is in decaauts)
 A = Elapsed time spent in this place.
 B = Non-inter-level travel time spent in this place.
 C = Inter-level travel time spent in this place.
 D = Time resting spent in this place.
 E = Time spent auto-exploring this place.
 F = Levels seen in this place.
 G = Mean time per level.
                   A        B        C        D        E       F      G
               +--------+--------+--------+--------+--------+-----+--------+
         Total |   2190 |   2043 |    147 |     32 |   1602 |   3 |  730.0 |
       Dungeon |   2190 |   2043 |    147 |     32 |   1602 |   3 |  730.0 |
               +--------+--------+--------+--------+--------+-----+--------+

Top non-repeatable levels by time:
     D:1: 1105 daAuts
     D:3: 583 daAuts
     D:2: 501 daAuts
